 Dungeon Crawl Stone Soup version 0.21.1-1-g345015fe64 (webtiles) character file.

669 FortKnight the Ruffian (level 7, -1/67 HPs)
             Began as a Troll Berserker on Feb 19, 2018.
             Was a Priest of Trog.
             Slain by a river rat (7 damage)
             ... summoned by Eustachio
             ... on level 4 of the Dungeon.
             The game lasted 00:16:34 (2920 turns).

FortKnight the Ruffian (Troll Berserker)            Turns: 2920, Time: 00:16:35

Health: -1/67      AC:  5    Str: 28      XL:     7   Next: 32%
Magic:  6/6        EV: 10    Int:  3      God:    Trog [***...]
Gold:   264        SH:  0    Dex:  6 (9)  Spells: 6/6 levels left

rFire    . . .     SeeInvis .     - Unarmed
rCold    . . .     Gourm    +   (no shield)
rNeg     . . .     Faith    .   a - +0 animal skin
rPois    .         Spirit   .   (helmet restricted)
rElec    .         Reflect  .   (no cloak)
rCorr    .         Harm     .   (gloves unavailable)
MR       .....                  (boots unavailable)
Stlth    +.........             (no amulet)
HPRegen  0.61/turn              (no ring)
MPRegen  0.10/turn              (no ring)

@: no status effects
A: large, unfitting armour, claws 3, fast metabolism 3, gourmand, regeneration
1, shaggy fur 1, tough skin 2
a: Berserk, Trog's Hand, Burn Spellbooks, Renounce Religion


You were on level 4 of the Dungeon.
You worshipped Trog.
Trog was most pleased with you.
You were not hungry.

You visited 1 branch of the dungeon, and saw 4 of its levels.

You collected 264 gold pieces.

Inventory:

Armour
 a - a +0 animal skin (worn)
Jewellery
 r - a +6 ring of intelligence {unknown}
Scrolls
 d - a scroll of teleportation
 g - a scroll of remove curse
 h - a scroll of enchant armour {unknown}
 j - a scroll of blinking {unknown}
 k - a scroll of fog {unknown}
 l - a scroll of noise {unknown}
 m - a scroll of identify {unknown}
 o - 3 scrolls of enchant weapon {unknown}
Potions
 c - a potion of lignification {unknown}
 e - 3 potions of curing {unknown}
 f - a potion of ambrosia {unknown}
 i - 2 potions of heal wounds {unknown}
 n - a potion of flight {unknown}
 p - a potion of magic {unknown}
 q - a potion of haste
Comestibles
 b - 11 rations


   Skills:
 + Level 3.2 Fighting
 + Level 4.1 Dodging
 + Level 0.6 Stealth
 + Level 6.9 Unarmed Combat


You had 6 spell levels left.
You didn't know any spells.

Dungeon Overview and Level Annotations

Branches:
Dungeon (4/15)
 Temple: D:4-7

Altars:
Fedhas
Makhleb
Sif Muna
Vehumet
Wu Jian

Annotations:
D:4 Eustachio


Innate Abilities, Weirdness & Mutations

You are too large for most types of armour.
You have claws for hands.
Your metabolism is lightning-fast.
You like to eat raw meat.
Your natural rate of healing is unusually fast.
You are covered in fur. (AC +1)
You have very tough skin. (AC +2)


Message History

The quasit barely misses you. x2; The river rat bites you.
* * * LOW HITPOINT WARNING * * *
The quasit barely misses you.
The quasit claws you but does no damage.
The quasit claws you.
* * * LOW HITPOINT WARNING * * *
The quasit bites you but does no damage.
The quasit closely misses you. x2; The ufetubus hits you.
* * * LOW HITPOINT WARNING * * *
The ufetubus barely misses you.
You scratch Eustachio but do no damage.
Eustachio is heavily wounded.
Eustachio hits you but does no damage. The ufetubus hits you.
* * * LOW HITPOINT WARNING * * *
The ufetubus hits you but does no damage.
The quasit barely misses you. The quasit closely misses you. x2
The quasit bites you but does no damage.
The quasit claws you but does no damage.
The quasit barely misses you. The river rat bites you!
You die...

#. #.# +.+ ##.# .. ...
###% ####.##+# #..
#..#5#r.# ###....
#..'@@5!# #...##%
#.#+##5####.# #.#.##.
#...........# ..#.##.
#.#+##.####.#
.>..##.## #..#.#..# #
.#..##..##.#..'.'..#.#
.##..##.##.####.##'#.#
.##......#...........#
....###.##.####.##'#.#


You could see Eustachio, 2 quasits, a river rat and an ufetubus.

Vanquished Creatures
  Grinder (D:3)
  A phantom (D:3)
  3 jellies (D:2)
  A hound (D:4)
  Natasha (thrice) (D:2)
  4 gnolls (D:2)
  5 adders
  7 oozes (D:2)
  4 worms
  2 dart slugs
  2 leopard geckos (D:2)
  12 goblins
  9 hobgoblins
  4 jackals (D:1)
  A quokka (D:3)
  7 bats
  7 frilled lizards
  14 kobolds
  4 rats
  7 fungi (D:2)
98 creatures vanquished.

Vanquished Creatures (others)
  A bat (D:3)
  A goblin (D:3)
  6 toadstools (D:2)
8 creatures vanquished.

Grand Total: 106 creatures vanquished

Notes
Turn   | Place    | Note
-------+----------+-------------------------------------------
     0 | D:1      | FortKnight the Troll Berserker began the quest for the Orb.
     0 | D:1      | Reached XP level 1. HP: 22/22 MP: 0/0
   106 | D:1      | Reached XP level 2. HP: 29/29 MP: 1/1
   314 | D:1      | Reached ** piety under Trog
   314 | D:1      | Reached XP level 3. HP: 36/36 MP: 2/2
   742 | D:2      | Reached XP level 4. HP: 44/44 MP: 3/3
   892 | D:2      | Noticed Natasha
   896 | D:2      | Killed Natasha
   896 | D:2      | Reached skill level 4 in Unarmed Combat
   905 | D:2      | Noticed Natasha
   908 | D:2      | Killed Natasha
  1130 | D:2      | Reached skill level 5 in Unarmed Combat
  1130 | D:2      | Reached XP level 5. HP: 46/52 MP: 4/4
  1141 | D:2      | Reached *** piety under Trog
  1523 | D:2      | Reached XP level 6. HP: 61/61 MP: 5/5
  1807 | D:2      | Noticed Natasha
  1815 | D:2      | Killed Natasha
  1869 | D:3      | Found a blossoming altar of Fedhas.
  1872 | D:3      | Found a burning altar of Makhleb.
  1873 | D:3      | Found an ornate altar of the Wu Jian Council.
  1875 | D:3      | Found a deep blue altar of Sif Muna.
  2160 | D:3      | Found a radiant altar of Vehumet.
  2628 | D:4      | Noticed Grinder
  2681 | D:3      | Killed Grinder
  2681 | D:3      | Reached skill level 6 in Unarmed Combat
  2681 | D:3      | Reached XP level 7. HP: 8/67 MP: 6/6
  2885 | D:4      | Noticed Eustachio
  2920 | D:4      | Slain by a river rat

Skill      XL: |  1  2  3  4  5  6  7 |
---------------+----------------------+-----
Dodging        | 3 4 |  4.1
Unarmed Combat | 5 6 |  6.9
Fighting       | 3 |  3.2
Stealth        | |  0.6

Action                   |  1- 3 |  4- 6 |  7- 9 || total
-------------------------+-------+-------+-------++-------
Melee: Unarmed           |   124 |   149 |    43 ||   316
       Punch             |       |     3 |     1 ||     4
  Use: Scroll            |       |     2 |       ||     2
  Eat: Chunk             |     7 |    12 |     2 ||    21
       Ration            |       |     1 |       ||     1
Armor: Animal skin       |    68 |    29 |    35 ||   132
Dodge: Dodged            |    99 |    75 |    69 ||   243
